 Dungeon Crawl Stone Soup version 0.21-a0-113-g6841d05 (webtiles) character file.

247 qandnotyew the Firebug (level 6, -5/38 HPs)
             Began as a Tengu Fire Elementalist on July 12, 2017.
             Slain by a wight
             ... wielding a cursed +2 trident
              (13 damage)
             ... on level 3 of the Dungeon on July 13, 2017.
             The game lasted 00:05:51 (3411 turns).

qandnotyew the Firebug (Tengu Fire Elementalist)    Turns: 3411, Time: 00:05:52

Health: -5/38      AC:  2    Str:  9    XL:     6   Next: 11%
Magic:  4/10       EV: 12    Int: 19    God:
Gold:   119        SH:  0    Dex: 14    Spells: 8/9 levels left

rFire    + . .     SeeInvis .   l - +2 hunting sling (flame)
rCold    . . .     Gourm    .   (no shield)
rNeg     . . .     Faith    .   a - +0 robe
rPois    +         Spirit   .   (helmet restricted)
rElec    .         Reflect  .   (no cloak)
rCorr    .         Harm     .   (no gloves)
MR       .....                  (boots unavailable)
Stlth    ++........             (no amulet)
HPRegen  0.12/turn              (no ring)
MPRegen  0.12/turn              (no ring)

@: very slightly contaminated
A: beak, talons 3, clever 1, fire resistance 1, poison resistance, able to fly 1
a: Fly


You were on level 3 of the Dungeon.
You were hungry.

You visited 1 branch of the dungeon, and saw 3 of its levels.

You collected 119 gold pieces.

Inventory:

Hand Weapons
 f - a +0 spear
 h - a +0 halberd
 l - a +2 hunting sling of flaming (weapon)
Missiles
 e - a throwing net
 i - 17 stones (quivered)
Armour
 a - a +0 robe (worn)
Wands
 n - a wand of clouds (3/9)
Scrolls
 d - 3 scrolls of fear {unknown}
 j - a scroll of magic mapping {unknown}
 o - a scroll of remove curse {unknown}
 q - a scroll of identify
Potions
 k - a potion of agility
 m - 2 potions of flight
 p - a potion of lignification {unknown}
 r - a potion of magic {unknown}
Books
 b - a book of Flames

   Spells                             Type                      Level
   a - Flame Tongue                   Conjuration/Fire             1
   b - Throw Flame                    Conjuration/Fire             2
   c - Conjure Flame                  Conjuration/Fire             3
   d - Inner Flame                    Hexes/Fire                   3
   e - Sticky Flame                   Conjuration/Fire             4
   f - Fireball                       Conjuration/Fire             5
Comestibles
 c - 2 bread rations


   Skills:
 * Level 4.0 Fighting
 - Level 2.1 Dodging
 - Level 2.0 Stealth
 - Level 2.0 Spellcasting
 + Level 4.2 Conjurations
 + Level 4.4 Fire Magic


You had 8 spell levels left.
You knew the following spells:

 Your Spells              Type           Power        Failure   Level  Hunger
a - Flame Tongue          Conj/Fire      ###..        2%          1    #......


Dungeon Overview and Level Annotations

Branches:
Dungeon (3/15)

Altars:


Innate Abilities, Weirdness & Mutations

You have a beak for a mouth.
You have claws for feet.
You can fly.
Your mind is acute. (Int +2)
Your flesh is heat resistant. (rF+)
Your system is resistant to poisons. (rPois)


Message History

Aim: a wight, wielding an enchanted trident and wearing a robe (almost destroyed)
You miscast Flame Tongue.
Nothing appears to happen.
The wight closely misses you.
Casting: Flame Tongue
Confirm with . or Enter, or press ? or * to list all spells.
Aiming: Flame Tongue
Press: ? - help, Shift-Dir - straight line, f/p - wight
Aim: a wight, wielding an enchanted trident and wearing a robe (almost destroyed)
The flame tongue hits the wight.
The wight appears unharmed.
The wight is almost destroyed.
The wight hits you from afar with an enchanted trident!
* * * LOW HITPOINT WARNING * * *
Casting: Flame Tongue
Confirm with . or Enter, or press ? or * to list all spells.
Aiming: Flame Tongue
Press: ? - help, Shift-Dir - straight line, f/p - wight
Aim: a wight, wielding an enchanted trident and wearing a robe (almost destroyed)
The flame tongue misses the wight.
The wight hits you from afar with an enchanted trident!
You die...

..[. #(.
#.##.##
#...((##
#####(.#
#(#.#
#z###
#.# #@#
#.# #.#
#. #.#
#. #.#
..### #.
#.#
..... >.
#.#
#.#.# #.
#.#
#.#.# #.
#.#
#.#.# #.


You could see a wight.

Vanquished Creatures
  2 wights (D:3)
  An orc wizard (D:3)
  4 gnolls (D:2)
  5 adders
  A worm (D:2)
  2 dart slugs (D:1)
  3 orcs (D:3)
  5 bats
  6 goblins
  8 hobgoblins
  5 jackals
  2 frilled lizards
  3 kobolds
  5 rats
52 creatures vanquished.

Notes
Turn   | Place    | Note
-------+----------+-------------------------------------------
     0 | D:1      | qandnotyew the Tengu Fire Elementalist began the quest for the Orb.
     0 | D:1      | Reached XP level 1. HP: 10/10 MP: 4/4
   133 | D:1      | Reached skill level 1 in Fighting
   418 | D:1      | Reached XP level 2. HP: 15/16 MP: 6/6
  1228 | D:2      | Reached XP level 3. HP: 20/20 MP: 5/7
  1269 | D:2      | Gained mutation: Your system is resistant to poisons. (rPois) [potion of mutation]
  1269 | D:2      | Gained mutation: Your flesh is heat resistant. (rF+) [potion of mutation]
  1269 | D:2      | Gained mutation: Your mind is acute. (Int +2) [potion of mutation]
  1453 | D:2      | Reached XP level 4. HP: 11/27 MP: 3/8
  2542 | D:2      | You fall through a shaft!
  2549 | D:3      | Gained mutation: You can fly. [Tengu growth]
  2549 | D:3      | Reached XP level 5. HP: 29/32 MP: 6/9
  3334 | D:3      | Reached XP level 6. HP: 38/38 MP: 8/10
  3411 | D:3      | Slain by a wight

Vault maps used:
D:1:      mrwooster_arrival_arrow
D:3:      grunt_qazlal_sundering, uniq_jessica, uniq_crazy_yiuf_cottage

Skill      XL: |  1  2  3  4  5 |
---------------+----------------+-----
Fighting       | 1 2 3 4 |  4.0
Conjurations   | 2 3 4 |  4.2
Fire Magic     | 4 |  4.4
Dodging        | |  2.1
Stealth        | |  2.0
Spellcasting   | |  2.0

Action                   |  1- 3 |  4- 6 || total
-------------------------+-------+-------++-------
Melee: Spear             |    35 |       ||    35
       Kick              |     7 |     3 ||    10
       Peck              |     2 |       ||     2
       Halberd           |       |    10 ||    10
 Fire: Hunting sling     |       |    34 ||    34
 Cast: Flame Tongue      |    28 |    42 ||    70
  Use: Potion            |     2 |       ||     2
       Scroll            |       |     3 ||     3
 Stab: Sleeping          |     2 |       ||     2
       Distracted        |       |     1 ||     1
  Eat: Chunk             |     1 |     7 ||     8
Armor: Robe              |     8 |     6 ||    14
Dodge: Dodged            |    30 |    18 ||    48
